 Dungeon Crawl Stone Soup version 0.31-a0-1265-gaa4636e842 (webtiles) character file.

Game seed: 13546618560788898806

77 DOPEyDwarf the Covered (level 4, -1/29 HPs)
             Began as a Gargoyle Fighter on Dec 16, 2023.
             Slain by Crazy Yiuf
             ... wielding a +2 quarterstaff of chaos
              (6 damage)
             ... on level 3 of the Dungeon.
             The game lasted 00:05:06 (2377 turns).

DOPEyDwarf the Covered (Gargoyle Fighter)           Turns: 2377, Time: 00:05:06

Health: -1/29      AC: 13    Str: 22    XL:     4   Next: 33%
Magic:  4/4        EV:  8    Int:  8    God:
Gold:   112        SH:  0    Dex:  9    Spells: 3/3 levels left

rFire   . . .        a - +0 flail
rCold   + . .        g - +2 buckler
rNeg    + . .        m - +0 chain mail
rPois   ∞            (no helmet)
rElec   +            (no cloak)
rCorr   .            (no gloves)
SInv    .            (no boots)
Will    .....        s - amulet of reflection Stlth
                     i - ring of protection from cold
HPRegen 0.24/turn    (no ring)
MPRegen 0.09/turn

%: reflection
@: confused
A: sickness immunity, AC +3, negative energy resistance 1, electricity
resistance, torment resistance 1, petrification resistance
a: no special abilities


You were on level 3 of the Dungeon.
You visited 1 branch of the dungeon, and saw 3 of its levels.

You collected 112 gold pieces.

Inventory:

Hand Weapons
 a - a +0 flail (weapon)
 b - a +0 whip
Missiles
 e - 37 stones
Armour
 g - a +2 buckler (worn)
 m - a +0 chain mail (worn)
Jewellery
 i - a ring of protection from cold (left hand)
 s - an amulet of reflection (around neck)
Scrolls
 c - 2 scrolls of immolation {unknown}
 l - a scroll of teleportation {unknown}
 p - 2 scrolls of revelation {unknown}
 t - 2 scrolls of identify {unknown}
 u - a scroll of blinking {unknown}
Potions
 d - a potion of might
 f - a potion of mutation {unknown}
 h - a potion of experience {unknown}
 j - a potion of degeneration {unknown}
 k - a potion of attraction {unknown}
 n - a potion of heal wounds {unknown}
 o - 2 potions of lignification {unknown}
 q - a potion of haste {unknown}
 r - 2 potions of curing {unknown}


   Skills:
 + Level 3.8 Fighting
 * Level 3.2 Maces & Flails
 + Level 3.8 Armour
 + Level 3.8 Shields


You had 3 spell levels left.
You didn't know any spells.
Your spell library was empty.

Dungeon Overview and Level Annotations

Branches:
Dungeon (3/15)

Altars:

Annotations:
D:3 Crazy Yiuf


Innate Abilities, Weirdness & Mutations

You are immune to sickness and miasma.
Your stone body is resilient. (AC +3)
You are immune to poison.
You resist negative energy. (rN+)
You are resistant to electric shocks. (rElec)
You are resistant to unholy torment.
You are immune to petrification.


Message History

There is an open door here.
There is a stone staircase leading down here.
You climb downwards.
Found a stone staircase leading down.
There is a stone staircase leading up here.
p - 2 scrolls labelled FALU MEIL FOX (gained 1)
t - 2 scrolls labelled VIATSY KYNKI (gained 1)
Found a hammer.
Found a runed translucent door.
Crazy Yiuf shouts!
Crazy Yiuf grits, "Action!
Orb spinner canine."
You open the door. You barely miss Crazy Yiuf.
Crazy Yiuf hits you with a +2 quarterstaff of chaos!
Crazy Yiuf freezes you. Crazy Yiuf barely misses you.
You hit Crazy Yiuf but do no damage. Crazy Yiuf hits you but does no damage.
You barely miss Crazy Yiuf.
Crazy Yiuf hits you with a +2 quarterstaff of chaos!
You are confused.
You bump into the rock wall.
Crazy Yiuf says, "Mugger pontify high!"
Crazy Yiuf barely misses you.
You bump into the stone wall.
Crazy Yiuf laughs, "Goober!
Walk arga shrimp."
Crazy Yiuf hits you but does no damage.
You bump into the rock wall.
Crazy Yiuf hits you with a +2 quarterstaff of chaos.
Crazy Yiuf burns you.
You hit Crazy Yiuf but do no damage.
Crazy Yiuf cries, "Race forty-two stair!"
Crazy Yiuf hits you with a +2 quarterstaff of chaos.
You bump into the rock wall.
Crazy Yiuf hits you but does no damage.
You bump into the rock wall.
You feel less confused.
Crazy Yiuf flaps his cloak.
Crazy Yiuf hits you with a +2 quarterstaff of chaos.
* * * LOW HITPOINT WARNING * * *
You are confused.
You're too confused to move!
Crazy Yiuf hits you with a +2 quarterstaff of chaos.
You die...

.# #...#
.####...#
........#
#####
.#.##...###
#)..#
.#.##.....#
#...#
...##...#.#
...
#..##...#.#
#'#
####......#
#g##
.........##
##@#
#######.#
#.## #.##
##.# #..#
##.## ##.#
##PP.# #.#
#PP.P# #.#
#....#
#.####....#
#........##


You could see Crazy Yiuf.

Vanquished Creatures
  2 adders (D:2)
  A worm (D:2)
  3 dart slugs
  4 ball pythons
  5 bats
  3 endoplasms
  3 giant cockroaches
  5 goblins
  3 hobgoblins
  2 jackals (D:2)
  A quokka (D:2)
  5 frilled lizards (D:1)
  9 kobolds
  5 rats
51 creatures vanquished.

Notes
Turn   | Place    | Note
-------+----------+-------------------------------------------
     0 | D:1      | DOPEyDwarf the Gargoyle Fighter began the quest for the
                  | Orb.
     0 | D:1      | Reached XP level 1. HP: 14/14 MP: 1/1
   132 | D:1      | Reached XP level 2. HP: 19/19 MP: 2/2
   396 | D:1      | Reached XP level 3. HP: 23/23 MP: 3/3
  1880 | D:2      | Reached XP level 4. HP: 29/29 MP: 4/4
  2265 | D:3      | Noticed a black bear
  2362 | D:3      | Found a runed translucent door.
  2363 | D:3      | Noticed Crazy Yiuf
  2377 | D:3      | Slain by Crazy Yiuf

Illustrated notes

Levels and vault maps discovered:
D:1:      erik_arrival_cave_to_civilisation [erik_arrival_cave_to_hall],
          layout_basic, hex_tiny
D:2:      layout_basic, minmay_fountain_box
D:3:      layout_rooms, minitemple, serial_shops,
          nicolae_shop_just_a_little_nook, uniq_crazy_yiuf_cottage

Skill      XL: |  1  2  3 |
---------------+----------+-----
Maces & Flails | 3 |  3.2
Fighting       | |  3.8
Armour         | |  3.8
Shields        | |  3.8

Action                     |  1- 3 |  4- 6 || total
---------------------------+-------+-------++-------
  Melee: Flail             |   131 |    30 ||   161
 Armour: Scale mail        |    65 |       ||    65
         Chain mail        |    13 |    21 ||    34
  Dodge: Dodged            |    56 |    12 ||    68
  Block: Buckler           |    41 |    17 ||    58
         Reflection        |       |     1 ||     1

Table legend: (Time is in decaauts)
 A = Elapsed time spent in this place.
 B = Non-inter-level travel time spent in this place.
 C = Inter-level travel time spent in this place.
 D = Time resting spent in this place.
 E = Time spent auto-exploring this place.
 F = Levels seen in this place.
 G = Mean time per level.
                   A        B        C        D        E       F      G
               +--------+--------+--------+--------+--------+-----+--------+
         Total |   2426 |   2229 |    197 |      0 |   1796 |   3 |  808.7 |
       Dungeon |   2426 |   2229 |    197 |      0 |   1796 |   3 |  808.7 |
               +--------+--------+--------+--------+--------+-----+--------+

Top non-repeatable levels by time:
     D:1: 1451 daAuts
     D:2: 913 daAuts
     D:3: 61 daAuts
